 Dungeon Crawl Stone Soup version 0.15.0-12-gccce430 (webtiles) character file.

119 Kashira the Sneak (level 5, -3/44 HPs)
             Began as a Naga Enchanter on Sept 1, 2014.
             Slain by an ice beast (11 damage)
             ... on Level 3 of the Dungeon.
             The game lasted 00:12:51 (2843 turns).

Kashira the Sneak (Naga Enchanter)                  Turns: 2843, Time: 00:12:52

HP  -3/44        AC  3     Str 10      XL: 5   Next:  3%
MP   7/9         EV  9     Int 16      God:
Gold 102         SH  0     Dex 12      Spells:  2 memorised,  5 levels left

rFire  . . .     SeeInvis +     i - -2 dagger (curse)
rCold  . . .     Clarity  .     m - +0 leather armour
rNeg   . . .     rCorr    .     (no shield)
rPois  +         rRot     .     (no helmet)
rElec  .         Spirit   .     (no cloak)
SustAb .         Warding  .     (no gloves)
rMut   .         Stasis   .     (no barding)
Gourm  .                        (no amulet)
MR     .....                    (no ring)
                                (no ring)

@: very slow, not resistant to hostile enchantments, fairly stealthy
A: spit poison, see invisible, deformed body, poison resistance, slowness 2, AC
+1
a: Spit Poison


You were on level 3 of the Dungeon.
You were not hungry.

You visited 1 branch of the dungeon, and saw 3 of its levels.

You collected 102 gold pieces.

Inventory:

Hand weapons
 a - a +1 dagger
 i - a cursed -2 dagger (weapon)
Armour
 m - a +0 leather armour (worn)
Comestibles
 d - a bread ration
 j - a slice of pizza
 k - a fruit
 o - a chunk of orc flesh
 p - a beef jerky
Scrolls
 f - a scroll of teleportation {unknown}
 g - a scroll of fear {unknown}
 h - 5 scrolls of identify {unknown}
 l - a scroll of enchant weapon {unknown}
 n - a scroll of fog {unknown}
Jewellery
 e - an uncursed ring of ice {unknown}
Potions
 b - a potion of agility {unknown}
Books
 c - a book of Maledictions

   Spells                             Type                      Level
   *Corona                            Hexes                        1
   Sure Blade                         Hexes/Charms                 2
   Ensorcelled Hibernation            Hexes/Ice                    2
   Confuse                            Hexes                        3
   *Dazzling Spray                    Conjuration/Hexes            3
   Enslavement                        Hexes                        4


   Skills:
 + Level 1.2 Fighting
 + Level 1.1 Short Blades
 + Level 0.2 Armour
 + Level 1.9 Dodging
 + Level 5.4 Stealth
 + Level 2.7 Spellcasting
 + Level 4.0 Hexes


You had 5 spell levels left.
You knew the following spells:

 Your Spells              Type           Power        Failure   Level  Hunger
a - Corona                Hex            ##.....      4%          1    #......
b - Dazzling Spray        Conj/Hex       #.......     28%         3    ###....


Dungeon Overview and Level Annotations

Branches:
Dungeon (3/15)

Altars:
Zin

Annotations:
D:3 adzeitor's ghost, average FoEn


Innate Abilities, Weirdness & Mutations

You cannot wear boots.
You can spit poison.
Your serpentine skin is tough (AC +1).
You have supernaturally acute eyesight.
Armour fits poorly on your strangely shaped body.
Your system is resistant to poisons.
You cover ground very slowly.


Message History

The ice beast hits you. The ice beast freezes you!
Use which ability? (? or * to list)
You can't do that yet.
Unknown command.
You have got your breath back.
Use which ability? (? or * to list)
Press: ? - help, Shift-Dir - straight line, f/p - ice beast
Aim: an ice beast (lightly wounded, blind, hasn't noticed you)
The splash of poison misses the ice beast.
You feel slightly more hungry.
The ice beast is no longer blind.
The ice beast hits you. The ice beast freezes you. The ice beast hits you.
The ice beast freezes you!
* * * LOW HITPOINT WARNING * * *
The ice beast barely misses you.
You have got your breath back.
The ice beast barely misses you. The ice beast hits you.
* * * LOW HITPOINT WARNING * * *
The ice beast freezes you!
You die...

# #.#.# #.. .#..........#
#.#.#.# ....
......(...... #.#.#.#
#..##.#...........
#.#.#.# #... #.##........
##...#.# #..# ....##.#..#
.......# ...# ### #.#.##
##.#.### ##..# #.#.#
...#.##########.%.####.##
#.#.#
...............Y@.>......
.....##
########.................
....... ##########.####.#
####### .# ##


You could see an ice beast.

Vanquished Creatures
  Ijyb (D:2)
  4 gnolls
  4 giant geckos (D:1)
  An ooze (D:1)
  5 orcs (D:3)
  A ball python (D:2)
  10 bats
  3 giant cockroaches
  10 goblins
  2 hobgoblins (D:2)
  6 kobolds
  A quokka (D:3)
  4 giant newts
  5 rats
57 creatures vanquished.

Notes
Turn   | Place    | Note
--------------------------------------------------------------
     0 | D:1      | Kashira, the Naga Enchanter, began the quest for the Orb.
     0 | D:1      | Reached XP level 1. HP: 15/15 MP: 3/3
   203 | D:1      | Reached XP level 2. HP: 7/22 MP: 2/4
   702 | D:1      | Reached skill level 5 in Stealth
   763 | D:1      | Reached XP level 3. HP: 28/28 MP: 6/6
  1029 | D:1      | Learned a level 3 spell: Dazzling Spray
  1609 | D:2      | Noticed Ijyb
  1629 | D:2      | Killed Ijyb
  1629 | D:2      | Reached skill level 1 in Fighting
  1629 | D:2      | Reached XP level 4. HP: 25/38 MP: 0/8
  2544 | D:3      | Noticed adzeitor's ghost (average FoEn)
  2731 | D:3      | Reached XP level 5. HP: 44/44 MP: 9/9
  2733 | D:3      | Found a glowing silver altar of Zin.
  2826 | D:3      | Noticed an ice beast
  2843 | D:3      | Slain by an ice beast

Action                   |  1- 3 |  4- 6 || total
-------------------------+-------+-------++-------
Melee: Dagger            |    49 |    12 ||    61
 Cast: Corona            |     7 |       ||     7
       Dazzling Spray    |     1 |    12 ||    13
 Abil: Spit Poison       |    47 |    31 ||    78
  Eat: Chunk             |     5 |     3 ||     8
       Meat ration       |       |     1 ||     1
